 Dungeon Crawl Stone Soup version 0.30-a0-469-g84de5afbc5 (webtiles) character file.

Game seed: 3425325546536086531

524 tilp the Slasher (level 7, -1/60 HPs)
             Began as a Meteoran Fighter on Dec 19, 2022.
             Was a Believer of Okawaru.
             Slain by a steam dragon (2 damage)
             ... on level 7 of the Dungeon.
             The game lasted 00:05:34 (988 turns).

tilp the Slasher (Meteoran Fighter)                  Turns: 988, Time: 00:05:35

Health: -1/60      AC: 10    Str: 18    XL:     7   Next: 75%
Magic:  9/9        EV:  8    Int:  9    God:    Okawaru [**....]
Gold:   122        SH:  5    Dex: 16    Spells: 6/6 levels left

rFire   . . .      SeeInvis .    a - +0 long sword
rCold   . . .      Faith    .    c - +0 buckler
rNeg    . . .      Spirit   .    g - +1 chain mail
rPois   +          Reflect  .    (no helmet)
rElec   .          Harm     .    (no cloak)
rCorr   .          Rampage  .    (no gloves)
Will    +....                    (no boots)
Stlth   ..........               (no amulet)
HPRegen 0.30/turn                l - ring of poison resistance
MPRegen 0.11/turn                h - ring of willpower

@: glowing
A: sense surroundings 1, otherworldly, glowing, explore regen
a: Renounce Religion, Heroism


You were on level 7 of the Dungeon.
You worshipped Okawaru.
Okawaru was pleased with you.
You visited 1 branch of the dungeon, and saw 7 of its levels.

You collected 122 gold pieces.

Inventory:

Hand Weapons
 a - a +0 long sword (weapon)
Missiles
 d - 3 boomerangs of dispersal
 k - 2 poisoned darts (quivered)
Armour
 b - a +0 scale mail
 c - a +0 buckler (worn)
 g - a +1 chain mail (worn)
Jewellery
 h - a ring of willpower (right hand)
 l - a ring of poison resistance (left hand)
Wands
 f - a wand of flame (21)
Potions
 e - a potion of attraction
 i - a potion of heal wounds
 j - a potion of brilliance
 n - a potion of ambrosia {unknown}


   Skills:
 + Level 4.3 Fighting
 + Level 4.5 Long Blades
 + Level 1.7 Throwing
 - Level 4.0 Armour
 + Level 4.4 Dodging
 + Level 2.3 Stealth
 - Level 4.0 Shields
 + Level 1.7 Invocations
 + Level 1.5 Evocations


You had 6 spell levels left.
You didn't know any spells.
Your spell library was empty.

Dungeon Overview and Level Annotations

Branches:
Dungeon (7/15) Zot: 3155
 Temple: D:4-7

Altars:
Dithmenos
Gozag
Kikubaaqudgha
Okawaru
Vehumet
Wu Jian
Yredelemnul

Annotations:
D:4 1 transporter


Innate Abilities, Weirdness & Mutations

You passively map a small area around you.
You are easily found by Zot.
You glow in the dark.
You regain HP and MP as you explore.


Message History

You hit the steam dragon.
The steam dragon is heavily wounded.
The steam dragon breathes steam at you. The ball of steam hits you!
The steam dragon barely misses you.
The steam dragon claws you but does no damage.
You hit the steam dragon.
The steam dragon is heavily wounded.
The steam dragon bites you but does no damage.
You block the steam dragon's attack. x2; The steam dragon claws you.
You hit the steam dragon but do no damage.
The steam dragon is heavily wounded.
The steam dragon barely misses you. You block the steam dragon's attack.
You slash the steam dragon!
The steam dragon is severely wounded.
The steam dragon breathes steam at you. The ball of steam hits you.
The steam dragon attacks as you move away!
The steam dragon bites you!
The steam dragon claws you but does no damage.
You completely miss the steam dragon.
The steam dragon is severely wounded.
The steam dragon bites you but does no damage.
You block the steam dragon's attack.
You slash the steam dragon!
The steam dragon is almost dead.
The steam dragon breathes steam at you. The ball of steam hits you!!
* * * LOW HITPOINT WARNING * * *
You hear a bellow!
Unknown command.
The steam dragon completely misses you. You block the steam dragon's attack.
Unknown command.
You barely miss the steam dragon.
The steam dragon is almost dead.
The steam dragon bites you!
* * * LOW HITPOINT WARNING * * *
The steam dragon claws you but does no damage.
The steam dragon bites you.
You die...

########## .........#
*### , ..######.#
########.... ..# #.#
#..§@..§..§. ,
..######.####.§D.§§.....
..#.......#.......§§§.#+*
*
#.#.......#.#...........
*
#.#.......#.#.......#.#.
,
#.........#.#.........#,
#......†..#.#..######## ,
#...........#...., , ,
#.........####.#. .,


You could see a steam dragon.

Vanquished Creatures
  A black bear (D:5)
  2 phantoms
  A necrophage (D:7)
  2 hounds
  An orc priest (D:5)
  An iguana (D:5)
  An orc wizard (D:5)
  3 adders
  A shadow imp (D:7)
  2 ufetubi
  2 dart slugs
  7 orcs (D:5)
  3 endoplasms
  A giant cockroach (D:3)
  2 hobgoblins (D:3)
  2 jackals (D:4)
  3 kobolds
  3 quokkas
  A goblin (D:4)
39 creatures vanquished.

Notes
Turn   | Place    | Note
-------+----------+-------------------------------------------
     0 | D:1      | tilp the Meteoran Fighter began the quest for the Orb.
     0 | D:1      | Reached XP level 1. HP: 19/19 MP: 2/2
   104 | D:2      | Reached XP level 2. HP: 16/26 MP: 3/3
   116 | D:3      | Reached skill level 1 in Dodging
   182 | D:5      | Entered Level 5 of the Dungeon
   212 | D:4      | Noticed a hound
   230 | D:4      | Killed a hound
   231 | D:4      | Reached XP level 3. HP: 23/31 MP: 4/4
   231 | D:4      | Reached XP level 4. HP: 28/38 MP: 5/5
   262 | D:4      | Found an iron altar of Okawaru.
   285 | D:4      | Found an opulent altar of Gozag.
   285 | D:4      | Found an ornate altar of the Wu Jian Council.
   287 | D:4      | Found a basalt altar of Yredelemnul.
   309 | D:4      | Became a worshipper of Warmaster Okawaru
   404 | D:4      | Found a shadowy altar of Dithmenos.
   439 | D:4      | Found a radiant altar of Vehumet.
   439 | D:4      | Found a transporter.
   439 | D:4      | Noticed an ice beast
   557 | D:5      | Reached skill level 1 in Stealth
   557 | D:5      | Reached XP level 5. HP: 41/46 MP: 6/6
   565 | D:5      | Noticed a black bear
   566 | D:5      | Noticed a phantom
   576 | D:5      | Killed a black bear
   576 | D:5      | Reached * piety under Okawaru
   577 | D:5      | Reached XP level 6. HP: 25/52 MP: 7/7
   611 | D:5      | Reached skill level 1 in Invocations
   611 | D:5      | Reached XP level 7. HP: 12/59 MP: 8/8
   636 | D:5      | Reached skill level 1 in Evocations
   644 | D:5      | Reached skill level 1 in Throwing
   749 | D:5      | Found an ancient bone altar of Kikubaaqudgha.
   928 | D:7      | Reached ** piety under Okawaru
   972 | D:7      | Noticed a steam dragon
   988 | D:7      | HP: 1/60 [steam dragon (9)]
   988 | D:7      | Slain by a steam dragon

Illustrated notes

Levels and vault maps discovered:
D:1:      kennysheep_arrival_forest, layout_loops_ring,
          hellmonk_ecumenical_altar_blasted, serial_bayou_lagoon_a,
          minmay_pentomino_w2
D:2:      layout_basic, uniq_sigmund
D:3:      layout_loops_ring, mainiacjoe_overflow_concentric_impassable,
          mainiacjoe_overflow_cross_hatched, uniq_natasha, uniq_ijyb,
          uniq_terence
D:4:      gammafunk_cloud_chamber, layout_basic, mainiacjoe_overflow_chevrons,
          lemuel_tele_altar, nicolae_overflow_hidden_temple,
          mainiacjoe_overflow_paths
D:5:      layout_loops_ring, general_overflow_altar,
          mainiacjoe_overflow_tiny_flanked, minmay_temple_entry_overgrown,
          minmay_diced_spiral
D:6:      layout_loops_cross, nicolae_hepliaklqana_hazy_memory, serial_shops,
          nicolae_shop_bloodbath_and_beyond, uniq_duvessa, uniq_edmund,
          uniq_maggie
D:7:      layout_basic

Skill      XL: |  1  2  3  4  5  6  7 |
---------------+----------------------+-----
Dodging        | 2 3 4 |  4.4
Armour         | 4 |  4.0
Long Blades    | 3 4 |  4.5
Shields        | 4 |  4.0
Stealth        | 1 2 |  2.3
Fighting       | 4 |  4.3
Invocations    | 1 |  1.7
Evocations     | 1 |  1.5
Throwing       | 1 |  1.7

Action                   |  1- 3 |  4- 6 |  7- 9 || total
-------------------------+-------+-------+-------++-------
Melee: Long sword        |    64 |    77 |    64 ||   205
  Use: Scroll            |       |     3 |     4 ||     7
       Potion            |       |     3 |       ||     3
Armor: Scale mail        |     1 |       |       ||     1
       Chain mail        |    36 |    81 |    46 ||   163
Dodge: Dodged            |    22 |    32 |    27 ||    81
Block: Buckler           |    23 |    21 |    22 ||    66

Table legend: (Time is in decaauts)
 A = Elapsed time spent in this place.
 B = Non-inter-level travel time spent in this place.
 C = Inter-level travel time spent in this place.
 D = Time resting spent in this place.
 E = Time spent auto-exploring this place.
 F = Levels seen in this place.
 G = Mean time per level.
                   A        B        C        D        E       F      G
               +--------+--------+--------+--------+--------+-----+--------+
         Total |   1043 |    957 |     86 |      0 |      0 |   7 |  149.0 |
       Dungeon |   1043 |    957 |     86 |      0 |      0 |   7 |  149.0 |
               +--------+--------+--------+--------+--------+-----+--------+

Top non-repeatable levels by time:
     D:5: 352 daAuts
     D:4: 344 daAuts
     D:7: 98 daAuts
     D:6: 78 daAuts
     D:1: 66 daAuts
     D:3: 52 daAuts
     D:2: 50 daAuts
